 Dungeon Crawl Stone Soup version 0.17-a0-1942-g46ae386 (webtiles) character file.

67 ololoev the Skirmisher (level 4, -1/40 HPs)
             Began as a Hill Orc Fighter on Sept 30, 2015.
             Slain by a phantom (7 damage)
             ... on level 4 of the Dungeon.
             The game lasted 00:02:33 (369 turns).

ololoev the Skirmisher (Hill Orc Fighter)            Turns: 369, Time: 00:02:34

Health: -1/40      AC:  8    Str: 19    XL:     4   Next: 16%
Magic:  4/4        EV:  9    Int: 13    God:
Gold:   32         SH:  0    Dex: 10    Spells: 0 memorised, 3 levels left

rFire  . . .     SeeInvis .     f - +4 flail
rCold  . . .     Clarity  .     b - +0 scale mail
rNeg   . . .     SustAt   .     (no shield)
rPois  .         Gourm    .     (no helmet)
rElec  .         Spirit   .     (no cloak)
rCorr  .         Warding  .     h - +0 pair of gloves
rMut   .         Stasis   .     (no boots)
MR     .....                    (no amulet)
Stlth  ..........               (no ring)
                                (no ring)

@: brilliant, not resistant to hostile enchantments, extremely unstealthy
A: no striking features
a: no special abilities

Inventory:

Hand weapons
 a - a +0 war axe
 f - a +4 flail (weapon)
Armour
 b - a +0 scale mail (worn)
 h - a +0 pair of gloves (worn)
Scrolls
 c - a scroll of blinking {unknown}
 j - a scroll of remove curse {unknown}
Potions
 i - 2 potions of might
Comestibles
 d - a chunk of flesh
 e - a bread ration


   Skills:
 + Level 4.3 Fighting
 * Level 4.2 Axes
 + Level 4.0 Armour
   Level 3.2 Shields


You had 3 spell levels left.
You didn't know any spells.


You were on level 4 of the Dungeon.
You were not hungry.

You visited 1 branch of the dungeon, and saw 4 of its levels.

You collected 32 gold pieces.

..# ### #.# ..# #.# #.#
#.# #.# #.# ###.# #..
##...## #.# ##.#####..W..#
#.#
$........@...###########.#
#........................#
##.######.................
##.############### #.# #.#
... #.#

Notes
Turn   | Place    | Note
--------------------------------------------------------------
     0 | D:1      | ololoev the Hill Orc Fighter began the quest for the Orb.
     0 | D:1      | Reached XP level 1. HP: 19/19 MP: 1/1
   143 | D:2      | Reached XP level 2. HP: 27/27 MP: 2/2
   177 | D:2      | Noticed Natasha
   183 | D:2      | Killed Natasha
   183 | D:2      | Reached skill level 4 in Fighting
   183 | D:2      | Reached XP level 3. HP: 25/33 MP: 3/3
   308 | D:4      | Reached XP level 4. HP: 15/40 MP: 4/4
   348 | D:4      | Noticed a phantom
   369 | D:4      | Slain by a phantom

Dungeon Overview and Level Annotations

Branches:
Dungeon (4/15)
 Temple: D:4-7

Altars:


Message History

Found 10 gold pieces.
A phantom comes into view.
There is an escape hatch in the ceiling here.
You closely miss the phantom.
The phantom blinks!
The phantom blinks!
You see here 10 gold pieces.
You now have 32 gold pieces (gained 10).
Found 4 gold pieces.
You miss the phantom. The phantom hits you.
You hit the phantom.
The phantom is lightly damaged.
The phantom hits you!
Your scale mail prevents you from hitting the phantom.
The phantom is lightly damaged.
The phantom hits you but does no damage.
You sock the phantom!
The phantom is heavily damaged.
The phantom misses you.
The phantom blinks!
There is an escape hatch in the ceiling here.
You sock the phantom!
The phantom is heavily damaged.
The phantom hits you.
The phantom blinks!
Drink which item? (? for menu, Esc to quit)
It was a potion of brilliance.
You feel clever all of a sudden.
You closely miss the phantom.
The phantom is heavily damaged.
The phantom hits you but does no damage.
You closely miss the phantom.
The phantom is heavily damaged.
The phantom hits you but does no damage. x2
Your scale mail prevents you from hitting the phantom.
The phantom is heavily damaged.
The phantom hits you.
The phantom blinks!
You sock the phantom!
The phantom is severely damaged.
The phantom hits you but does no damage.
You hit the phantom but do no damage.
The phantom is severely damaged.
The phantom hits you!
You die...

You could see a phantom.

Vanquished Creatures
  Natasha (D:2)
  3 adders
  2 giant geckos (D:3)
  A hobgoblin (D:2)
  3 jackals (D:2)
  2 kobolds (D:2)
  A quokka (D:4)
  3 bats
  A goblin (D:1)
  A rat (D:1)
18 creatures vanquished.

Action                   |  1- 3 |  4- 6 || total
-------------------------+-------+-------++-------
Melee: War axe           |    31 |       ||    31
       Flail             |    16 |    13 ||    29
  Use: Potion            |     1 |     1 ||     2

Vault maps used:
D:1:      dpeg_arrival_subterranean_lakeside_camping
D:2:      grunt_temple_overflow_open, uniq_natasha
D:3:      uniq_crazy_yiuf_cottage
D:4:      minmay_bisected
